 Dungeon Crawl Stone Soup version 0.26-a0-667-g92642533e4 (webtiles) character file.

Game seed: 8096196388169499602

581734 Chiseanne the Luminary of Lethal Lore (level 27, -10/215 HPs)
             Began as a Gnoll Wanderer on May 27, 2020.
             Was the Champion of Vehumet.
             Killed by divine providence
             ... invoked by a daeva
              (15 damage)
             ... on level 9 of a ziggurat on Oct 17, 2020.
             The game lasted 06:27:04 (70113 turns).

Chiseanne the Luminary of Lethal Lore (GnWn)       Turns: 70113, Time: 06:27:05

Health: -10/215    AC: 27    Str: 14    XL:     27
Magic:  16/53      EV: 27    Int: 39    God:    Vehumet [******]
Gold:   2909       SH: 13    Dex: 26    Spells: 6/59 levels left

rFire    + + .     SeeInvis .   s - +9 mace "Itrapexti" {protect, rN++ MR+ MP-9}
rCold    + . .     Faith    .   w - +3 buckler {AC+3}
rNeg     + + +     Spirit   .   t - +3 ring mail {rN+}
rPois    .         Reflect  .   q - +3 hat of Pondering {ponderous, MR+ MP+10 Int+5}
rElec    .         Harm     +   H - +0 cloak of Mavomax {Harm rF+}
rCorr    .         Rampage  .   u - +1 pair of gloves "Farchug" {rF+ MR+ Regen+ Int+4}
MR       +++++                  W - +3 pair of boots of the Slug {Regen+ Str+3 Dex+3}
Stlth    +++.......             G - amulet of magic regeneration
HPRegen  1.25/turn              F - ring of Beogh's Whim {MP+9 Int+3 Dex+4 Stlth+}
MPRegen  0.58/turn              P - ring of Xom's Passing Interest {rC+ MR+}

@: glowing, studying 2 skills, slow
A: distributed training, fangs 1, strong nose
}: 3/15 runes: decaying, serpentine, silver
a: Renounce Religion


You were on level 9 of a ziggurat.
You worshipped Vehumet.
Vehumet was exalted by your worship.
You visited 10 branches of the dungeon, and saw 48 of its levels.
You visited the Abyss 1 time.
You visited 1 ziggurat, and saw 9 of its levels.

You collected 7522 gold pieces.
You spent 4613 gold pieces at shops.

Inventory:

Hand Weapons
 a - the +2 spear of Fear {flame, rElec MP+9 Int+2}
   (You bought it in a shop on level 2 of the Orcish Mines)

   It has been specially enchanted to burn those struck by it, causing extra
   injury to most foes and up to half again as much damage against particularly
   susceptible opponents.
   It affects your intelligence (+2).
   It insulates you from electricity.
   It affects your magic capacity (+9).
 p - a +5 quick blade
 s - the +9 mace "Itrapexti" (weapon) {protect, rN++ MR+ MP-9}
   (You took it off a hell knight on level 5 of the Vaults)

   It grants its wielder temporary protection when it strikes (+7 to AC).
   It greatly protects you from negative energy.
   It affects your resistance to hostile enchantments.
   It affects your magic capacity (-9).
 J - a +9 club of electrocution
Missiles
 r - 18 silver boomerangs
 I - 13 javelins (quivered)
 K - 3 throwing nets
 Y - 5 curare-tipped darts
Armour
 q - the +3 hat of Pondering (worn) {ponderous, MR+ MP+10 Int+5}
   (You took it off Gastronok on level 3 of the Lair of Beasts)

   It affects your intelligence (+5).
   It affects your resistance to hostile enchantments.
   It affects your magic capacity (+10).
 t - a +3 ring mail of positive energy (worn)
 u - the +1 pair of gloves "Farchug" (worn) {rF+ MR+ Regen+ Int+4}
   (You found it on level 3 of the Elven Halls)

   It affects your intelligence (+4).
   It protects you from fire.
   It affects your resistance to hostile enchantments.
   It increases your rate of regeneration.
 w - a +3 buckler of protection (worn)
 H - the +0 cloak of Mavomax (worn) {Harm rF+}
   (You found it on level 9 of the Dungeon)

   It protects you from fire.
   It increases damage dealt and taken.
 W - the +3 pair of boots of the Slug (worn) {Regen+ Str+3 Dex+3}
   (You found it on level 4 of the Depths)

   It affects your strength (+3).
   It affects your dexterity (+3).
   It increases your rate of regeneration.
Jewellery
 F - the ring of Beogh's Whim (left hand) {MP+9 Int+3 Dex+4 Stlth+}
   (You took it off a deep elf high priest on level 3 of the Depths)

   [ring of stealth]

   It affects your intelligence (+3).
   It affects your dexterity (+4).
   It affects your magic capacity (+9).
   It makes you more stealthy.
 G - an amulet of magic regeneration (around neck)
 N - the ring of Kutuh {Fire rPois rN+ MR+ Dex-2}
   (You found it on level 8 of a ziggurat)

   [ring of fire]

   It enhances your fire magic.
   It affects your dexterity (-2).
   It protects you from fire.
   It makes you vulnerable to cold.
   It protects you from poison.
   It protects you from negative energy.
   It affects your resistance to hostile enchantments.
 P - the ring of Xom's Passing Interest (right hand) {rC+ MR+}
   (You took it off a crimson imp on level 15 of the Dungeon)

   [ring of protection from magic]

   It protects you from cold.
   It affects your resistance to hostile enchantments.
 X - the ring "Etip Bae" {Int+3 SInv}
   (You found it on level 7 of a ziggurat)

   [ring of see invisible]

   It affects your intelligence (+3).
   It lets you see invisible.
Wands
 f - a wand of disintegration (26)
 B - a wand of iceblast (4)
 O - a wand of acid (1)
Scrolls
 b - 18 scrolls of remove curse
 c - 7 scrolls of fog
 h - a scroll of amnesia
 j - a scroll of silence
 k - 2 scrolls of acquirement
 v - a scroll of blinking
 x - 7 scrolls of fear
 y - 10 scrolls of identify
 z - 14 scrolls of teleportation
 E - 10 scrolls of magic mapping
Potions
 e - 4 potions of haste
 g - a potion of ambrosia
 i - 8 potions of cancellation
 l - 3 potions of might
 m - 9 potions of heal wounds
 A - 9 potions of flight
 C - 2 potions of mutation
 D - 2 potions of resistance
 L - 16 potions of curing
 U - a potion of magic
 V - 3 potions of invisibility
Books
 R - a manual of Earth Magic
 T - a manual of Maces & Flails
Miscellaneous
 d - a box of beasts (3/3)
 n - a condenser vane (2/2)
 o - a phial of floods
 M - a tin of tremorstones (3/3)
 Q - a lightning rod (4/4)
 S - a box of beasts (3/3)


   Skills:
 + Level 17.4 Fighting
 + Level 16.9 Short Blades
 + Level 16.9 Long Blades
 + Level 16.9 Axes
 + Level 17.0 Maces & Flails
 + Level 16.9 Polearms
 + Level 16.9 Staves
 + Level 16.9 Slings
 + Level 16.9 Bows
 + Level 16.9 Crossbows
 + Level 17.1 Throwing
 + Level 16.9 Armour
 + Level 16.9 Dodging
 + Level 17.1 Stealth
 + Level 16.9 Shields
 + Level 17.4 Unarmed Combat
 + Level 16.9 Spellcasting
 + Level 14.6 Conjurations
 + Level 14.6 Hexes
 + Level 14.7 Summonings
 + Level 14.6 Necromancy
 + Level 14.6 Translocations
 + Level 14.6 Transmutations
 + Level 14.6 Fire Magic
 + Level 14.6 Ice Magic
 + Level 14.6 Air Magic
 + Level 16.2 Earth Magic
 + Level 14.6 Poison Magic
 + Level 18.2 Invocations
 + Level 17.1 Evocations


You had 6 spell levels left.
You knew the following spells:

 Your Spells              Type           Power        Failure   Level
a - Stone Arrow           Conj/Erth      ######       0%          3
b - Spellforged Servitor  Conj/Summ      #######...   1%          7
c - Freezing Cloud        Conj/Ice/Air   #######...   1%          6
d - Borgnjor's Vile Clut  Necr/Erth      ########..   1%          5
e - Conjure Ball Lightni  Conj/Air       #######...   1%          6
f - Orb of Destruction    Conj           #######...   1%          7
g - Passwall              Tmut/Erth      ########     0%          2
h - Airstrike             Air            #######...   1%          4
i - Ignition              Fire           #######...   7%          8
j - Iskenderun's Mystic   Conj/Tloc      #######.     1%          4
k - Apportation           Tloc           ######       0%          1

Your spell library contained the following spells:

 Spells                   Type           Power        Failure   Level
 Shatter                  Erth           ########..   41%         9
 Absolute Zero            Ice            #######...   63%         9
 Tornado                  Air            #######...   63%         9
 Animate Skeleton         Necr           ######       0%          1
 Beastly Appendage        Tmut           ######       0%          1
 Corona                   Hex            #######      0%          1
 Foxfire                  Conj/Fire      ####         0%          1
 Freeze                   Ice            ####         0%          1
 Magic Dart               Conj           ####         0%          1
 Pain                     Necr           ####         0%          1
 Sandblast                Erth           ######       0%          1
 Shock                    Conj/Air       ####         0%          1
 Sting                    Tmut/Pois      ####         0%          1
 Summon Small Mammal      Summ           ####         0%          1
 Call Imp                 Summ           #######.     0%          2
 Corpse Rot               Necr/Air       N/A          0%          2
 Ensorcelled Hibernation  Hex/Ice        ######       0%          2
 Poisonous Vapours        Pois/Air       ######       0%          2
 Searing Ray              Conj           ######       0%          2
 Slow                     Hex            #######.     0%          2
 Sublimation of Blood     Necr           #######...   0%          2
 Swiftness                Air            #######.     0%          2
 Wereblood                Tmut           #######.     0%          2
 Call Canine Familiar     Summ           #######.     0%          3
 Confusing Touch          Hex            #######.     0%          3
 Conjure Flame            Conj/Fire      #######.     0%          3
 Dazzling Flash           Conj/Hex       ######       0%          3
 Frozen Ramparts          Ice            ######       0%          3
 Gell's Gravitas          Tloc           #######...   0%          3
 Ignite Poison            Fire/Tmut/Pois #######.     0%          3
 Inner Flame              Hex/Fire       #######.     0%          3
 Lesser Beckoning         Tloc           #######...   0%          3
 Mephitic Cloud           Conj/Pois/Air  #######.     0%          3
 Ozocubu's Armour         Ice            #######.     0%          3
 Portal Projectile        Hex/Tloc       ######       0%          3
 Spider Form              Tmut/Pois      #######...   0%          3
 Static Discharge         Conj/Air       #######.     0%          3
 Summon Guardian Golem    Hex/Summ       #######.     0%          3
 Teleport Other           Tloc           #######.     0%          3
 Tukima's Dance           Hex            #######.     0%          3
 Vampiric Draining        Necr           #######...   0%          3
 Animate Dead             Necr           #######...   1%          4
 Cause Fear               Hex            #######...   1%          4
 Dispel Undead            Necr           #######.     1%          4
 Fulminant Prism          Conj/Hex       #######...   1%          4
 Hailstorm                Conj/Ice       #######.     1%          4
 Ice Form                 Ice/Tmut       #######.     1%          4
 Leda's Liquefaction      Hex/Erth       ########..   1%          4
 Olgreb's Toxic Radiance  Pois           #######.     1%          4
 Passage of Golubria      Tloc           N/A          1%          4
 Petrify                  Tmut/Erth      ########     1%          4
 Sticky Flame             Conj/Fire      #######.     1%          4
 Summon Ice Beast         Ice/Summ       #######.     1%          4
 Summon Lightning Spire   Summ/Air       #######.     1%          4
 Agony                    Necr           #######.     1%          5
 Blade Hands              Tmut           #######...   1%          5
 Excruciating Wounds      Necr           #######...   1%          5
 Fireball                 Conj/Fire      #######...   1%          5
 Lee's Rapid Deconstruct  Erth           ########..   1%          5
 Lightning Bolt           Conj/Air       #######...   1%          5
 Metabolic Englaciation   Hex/Ice        #######...   1%          5
 Silence                  Hex/Air        #######...   1%          5
 Summon Forest            Summ/Tloc      #######...   1%          5
 Summon Mana Viper        Hex/Summ       #######.     1%          5
 Yara's Violent Unravell  Hex/Tmut       #######...   1%          5
 Eringya's Noxious Bog    Tmut/Pois      #######...   1%          6
 Hydra Form               Tmut           #######...   1%          6
 Invisibility             Hex            #######.     1%          6
 Ozocubu's Refrigeration  Ice            #######...   1%          6
 Shadow Creatures         Summ           N/A          1%          6
 Simulacrum               Ice/Necr       #######...   1%          6
 Starburst                Conj/Fire      #######...   1%          6
 Monstrous Menagerie      Summ           #######...   2%          7
 Summon Greater Demon     Summ           #######...   2%          7
 Summon Hydra             Summ           #######...   2%          7
 Haunt                    Necr/Summ      #######...   3%          7
 Malign Gateway           Summ/Tloc      #######...   3%          7
 Summon Horrible Things   Summ           #######...   22%         8
 Borgnjor's Revivificati  Necr           #######...   24%         8
 Infestation              Necr           #######...   24%         8
 Necromutation            Tmut/Necr      #######...   24%         8
 Death's Door             Necr           #######...   98%         9


Dungeon Overview and Level Annotations

Branches:
Dungeon (15/15)            Temple (1/1) D:5            Lair (6/6) D:10
  Swamp (4/4) Lair:2        Snake (4/4) Lair:4        Slime (0/5) Lair:6
    Orc (2/2) D:9             Elf (3/3) Orc:2        Vaults (5/5) D:13
  Crypt (3/3) Vaults:3       Tomb (0/3) Crypt:3      Depths (5/5) D:15
    Zot (0/5) Depths:5

Altars:
Ashenzari
Cheibriados
Dithmenos
Elyvilon
Fedhas
Gozag
Hepliaklqana
Kikubaaqudgha
Makhleb
Nemelex Xobeh
Okawaru
Qazlal
Ru
Sif Muna
Trog
Uskayaw
Vehumet
Wu Jian
Xom
Yredelemnul
Zin
The Shining One

Shops:
D:8 [   D:10 *   Orc:1 (   Orc:2 }?(((   Elf:1 :   Elf:2 :   Elf:3 :
Snake:4 x   Vaults:2 !   Depths:3 =*}   Depths:5 [=([

Portals:
Hell: Depths:1 Depths:2 Depths:3 Depths:4 Depths:5
Abyss: Depths:3 Depths:4 Depths:5
Pandemonium: Depths:2 Depths:3
Trove: Elf:1 (give 13 potions of heal wounds)

Annotations:
D:4 Menkaure
D:5 exclusion: oklob sapling
D:9 2 runed translucent doors
D:14 exclusion: downstairs
Lair:6 1 exclusion
Swamp:2 exclusion: upstairs
Snake:3 exclusion: upstairs
Orc:2 exclusion: upstairs
Elf:1 3 runed translucent doors, Canirch's ghost, adept HOFi


Innate Abilities, Weirdness & Mutations

Your experience applies equally to all skills.
You have very sharp teeth.
Your uncanny sense of smell can sniff out nearby items.


Message History

Found a glowing long sword and a glowing falchion.
k - 2 scrolls of acquirement (gained 1)
The daeva calls down the wrath of the Shining One upon you.
The Shining One smites you!
* * * LOW HITPOINT WARNING * * *
There is a stone staircase leading down here.
You see here a staff of cold.
The daeva calls down the wrath of the Shining One upon you.
The Shining One smites you!
* * * LOW HITPOINT WARNING * * *
There is a gate leading back out of this place here.
You see here 17 gold pieces.
Are you sure you want to leave this ziggurat?
The pearl dragon breathes cleansing flame at you.
The daeva calls down the wrath of the Shining One upon you.
The Shining One smites you!
* * * LOW HITPOINT WARNING * * *
The daeva calls down the wrath of the Shining One upon you.
The Shining One smites you!
You die...

▓▓▓ ▓▓▓▓▓.▓▓▓▓▓
▓▓.........▓▓
▓▓▓...........▓▓▓
▓......A........▓
▓▓...D...AD......▓▓
▓..§§8A§§.D.§..)?=▓
▓..§†AD§§§A..§§[):▓
▓..§.G...A.AG.=§@?▓▓
..∩...A§§§....))>!)▓
▓.............)$∩?▓▓
▓..°°.........[?)?▓
▓°°...............▓
▓▓...............▓▓
▓...............▓
▓▓▓...........▓▓▓
▓.........▓


You could see 3 daevas and an ophan.

Vanquished Creatures
  Khufu (Crypt:3)
  An ancient lich (Depths:4)
  Mara (Depths:1)
  A juggernaut (Depths:3)
  A Killer Klown (Zig:6)
  Bai Suzhen (Vaults:2)
  A caustic shrike (Depths:3)
  2 golden dragons
  A bone dragon (Crypt:3)
  A profane servitor (Crypt:3)
  A pearl dragon (Zig:9)
  2 tentacled monstrosities (Depths:3)
  2 titans
  2 liches
  2 deep elf blademasters (Elf:3)
  A deep elf master archer (Elf:3)
  A quicksilver dragon (Depths:3)
  3 storm dragons
  An ancient champion (Crypt:3)
  Gastronok (Lair:3)
  8 sphinxes
  5 tengu reavers
  7 thorn hunters
  3 shadow dragons
  6 frost giants
  6 nagarajas (Snake:4)
  2 revenants
  9 deep elf sorcerers
  An orc warlord (Orc:1)
  A balrug (Depths:1)
  Aizul (Depths:1)
  8 fire giants
  8 vault wardens
  2 iron dragons
  5 deep elf elementalists
  A draconian scorcher (Depths:5)
  2 draconian knights
  A draconian stormcaller (Zig:4)
  3 ghouls
  26 ironheart preservers
  2 spriggan defenders (Depths:5)
  2 war gargoyles (Vaults:2)
  An entropy weaver (Zig:8)
  26 stone giants
  23 very ugly things
  11 deep elf demonologists
  A black sun (Zig:5)
  3 green draconians
  Azrael (D:15)
  3 black draconians (Depths:5)
  12 deep elf annihilators
  6 vampire knights
  A white draconian (Depths:5)
  3 spark wasps (Depths:3)
  A dire elephant (Lair:6)
  4 small abominations
  10 ettins
  A yellow draconian (Zig:4)
  4 eidola
  A mummy priest (Crypt:3)
  16 deep elf death magi
  A crystal guardian (Zig:8)
  10 jiangshi
  Josephine (D:15)
  20 yaktaur captains
  5 fire dragons
  5 deep elf high priests
  3 rakshasas
  7 great orbs of eyes
  35 vault guards
  17 hydras
  A hydra (shapeshifter) (Depths:3)
  5 ice dragons
  2 boulder beetles
  11 naga warriors
  A merfolk avatar (Lair:6)
  13 centaur warriors
  2 ghost crabs
  4 anacondas
  2 shambling mangroves
  3 spriggan air magi
  2 death knights
  An anaconda (shapeshifter) (Elf:3)
  31 two-headed ogres
  7 alligators
  8 deep troll shamans
  2 vampire magi
  5 tengu warriors
  An alligator (shapeshifter) (Vaults:5)
  16 ogre magi
  9 dancing weapons
  5 orc high priests (Orc:2)
  Urug (Orc:1)
  10 deep troll earth magi
  2 spriggan berserkers
  2 sun demons (Depths:1)
  6 shock serpents
  8 naga sharpshooters
  17 deep elf knights
  14 hell knights
  An iron golem (Zig:8)
  Nergalle (Lair:3)
  3 iron trolls
  Sonja (Lair:4)
  20 skeletal warriors
  An iron troll (shapeshifter) (Zig:7)
  6 shadow wraiths
  A salamander mystic (Depths:1)
  2 spriggan druids
  5 flayed ghosts
  8 unseen horrors
  A quicksilver dragon simulacrum (Crypt:3)
  36 deep trolls
  3 sea snakes
  A glowing orange brain (shapeshifter) (Vaults:2)
  4 glowing orange brains
  19 wizards
  13 swamp dragons
  8 deep elf archers
  4 naga ritualists (Snake:4)
  A harpy (shapeshifter) (D:15)
  9 phantasmal warriors
  10 necromancers
  17 ironbrand convokers
  2 harpies (Lair:6)
  4 orc sorcerers
  4 wolf spiders
  A frost giant zombie (Vaults:3)
  A stone giant zombie (Vaults:2)
  A mana viper (Snake:4)
  25 orc knights
  A faun (shapeshifter) (Depths:3)
  53 deep elf magi
  A tengu zombie (Vaults:3)
  8 cyclopes
  35 ugly things
  A tengu skeleton (Vaults:2)
  A mana viper (shapeshifter) (Vaults:5)
  6 salamanders
  A shining eye (shapeshifter) (Vaults:2)
  5 manticores
  3 centaur zombies
  8 elephants (Lair:6)
  A moth of wrath (shapeshifter) (Vaults:4)
  A salamander (shapeshifter) (Depths:4)
  3 apocalypse crabs
  2 guardian serpents (Snake:4)
  2 human skeletons
  19 vault sentinels
  8 black mambas
  3 black mambas (shapeshifter)
  16 naga magi (Snake:4)
  4 spectral swamp worms (Depths:5)
  6 gargoyles
  20 cane toads
  4 centaur skeletons
  2 torpor snails (Zig:8)
  A cane toad (shapeshifter) (Vaults:1)
  8 freezing wraiths
  29 yaktaurs
  11 komodo dragons
  A spark wasp simulacrum (Depths:4)
  7 guardian mummies
  An efreet (D:14)
  3 kobold demonologists
  3 rime drakes
  A yaktaur (shapeshifter) (Vaults:4)
  4 tengu conjurers
  6 trolls
  A yaktaur skeleton (Vaults:3)
  A hydra zombie (Crypt:3)
  A meliai (shapeshifter) (Vaults:3)
  2 polar bears (Lair:6)
  A polar bear (shapeshifter) (Vaults:4)
  3 tyrant leeches
  9 bog bodies
  A wind drake (shapeshifter) (D:15)
  14 hornets
  A sphinx simulacrum (Vaults:2)
  2 wind drakes (Lair:6)
  A harpy skeleton (Crypt:1)
  A hornet (shapeshifter) (Depths:3)
  8 blink frogs
  2 dream sheep (shapeshifter)
  47 slime creatures
  2 stone giant simulacra
  A meliai zombie (D:15)
  13 removed hippogriffs
  4 shadows
  A spriggan (shapeshifter) (Depths:3)
  A vampire (D:12)
  35 yaks
  A dire elephant simulacrum (Crypt:3)
  An air elemental (Elf:3)
  5 wyverns
  50 flying skulls
  2 spriggans
  5 fire elementals (D:15)
  3 water elementals
  8 wraiths
  A human (shapeshifter) (Depths:4)
  9 humans (D:13)
  A hog (shapeshifter) (Vaults:1)
  2 chaos spawn (Zig:6)
  A yaktaur simulacrum (Vaults:3)
  4 ball lightnings
  12 vampire mosquitoes
  21 nagas
  5 insubstantial wisps (Swamp:2)
  7 swamp worms
  11 wargs
  A hell hound (D:15)
  A naga (shapeshifter) (Vaults:2)
  2 acid dragons
  30 water moccasins
  2 floating eyes (D:15)
  7 removed porcupines
  66 orc warriors
  7 sky beasts
  2 ice beasts
  3 phantoms
  7 swamp drakes
  4 black bears
  5 necrophages
  A hog zombie (Crypt:2)
  43 ogres
  3 human zombies
  A boulder beetle simulacrum (Vaults:1)
  18 centaurs
  An ettin simulacrum (Vaults:5)
  8 boggarts
  A tengu (shapeshifter) (Vaults:5)
  An ogre (shapeshifter) (Vaults:2)
  4 wolves (Lair:5)
  10 removed crocodiles
  2 big kobolds
  12 bullfrogs
  An earth elemental (Elf:3)
  A deep troll simulacrum (Vaults:5)
  A wyvern skeleton (Crypt:2)
  5 scorpions
  An orc simulacrum (Vaults:1)
  7 killer bees
  18 wights
  5 electric eels
  6 howler monkeys
  A troll skeleton (Crypt:2)
  5 crimson imps
  4 bullfrog zombies
  3 jellies
  53 orc priests
  8 hounds
  31 orc wizards
  3 bullfrog skeletons
  8 iguanas
  7 worker ants
  2 polar bear simulacra (D:12)
  5 yak simulacra (D:12)
  A big kobold zombie (Crypt:2)
  2 hound zombies
  A hound skeleton (D:11)
  6 mummies (Crypt:1)
  A gnoll (D:6)
  22 adders
  8 shadow imps
  3 oozes
  An adder zombie (D:8)
  An adder skeleton (D:5)
  2 worms
  2 dart slugs
  2 leopard geckos
  114 orcs
  4 giant cockroaches
  9 goblins
  4 hobgoblins
  6 jackals (D:1)
  5 kobolds
  2 quokkas (D:5)
  A ball python (D:6)
  7 bats
  2 frilled lizards
  A hobgoblin zombie (Crypt:2)
  A kobold (shapeshifter) (Depths:3)
  A leopard gecko skeleton (D:5)
  7 rats
  4 river rat simulacra (D:12)
  18 briar patches
  5 crawling corpses
  3 fungi (Lair:6)
  2 plants
2027 creatures vanquished.

Vanquished Creatures (collateral kills)
  A caustic shrike (Zig:8)
  A golden dragon (Depths:3)
  A pearl dragon (Zig:9)
  A tentacled monstrosity (Depths:3)
  A lich (Depths:2)
  A titan (Vaults:5)
  A titan (shapeshifter) (Depths:3)
  A quicksilver dragon (Vaults:5)
  A pandemonium lord (Zig:7)
  5 shadow dragons
  2 storm dragons
  2 tengu reavers
  A fire giant (Depths:3)
  An iron dragon (Vaults:5)
  A deep elf sorcerer (Depths:2)
  A vault warden (Vaults:5)
  An orc warlord (Zig:1)
  3 frost giants
  A draconian shifter (Depths:5)
  A war gargoyle (Vaults:5)
  A draconian stormcaller (Zig:3)
  10 very ugly things
  A curse skull (Crypt:2)
  An ironheart preserver (Vaults:5)
  4 stone giants
  A vampire knight (Depths:5)
  A deep elf demonologist (Vaults:5)
  3 small abominations
  An eidolon (Zig:5)
  A large abomination (Vaults:4)
  A mummy priest (Crypt:3)
  An ettin (Depths:2)
  A crystal guardian (Zig:8)
  4 jiangshi
  2 yaktaur captains
  3 fire dragons
  2 rakshasas
  An ice dragon (Depths:4)
  5 spriggan air magi
  2 anacondas (shapeshifter)
  An ogre mage (Depths:4)
  2 death knights (Crypt:3)
  2 deep troll earth magi
  A dancing weapon (Vaults:5)
  2 titan zombies
  A spriggan berserker (Depths:2)
  7 skeletal warriors
  2 iron trolls
  5 deep trolls
  8 hell knights
  3 flayed ghosts (Crypt:3)
  A phantasmal warrior (Vaults:5)
  2 deep elf magi (Depths:2)
  A shadow dragon skeleton (Depths:4)
  2 necromancers
  3 ugly things
  A frost giant zombie (Vaults:5)
  2 vault sentinels
  An alligator snapping turtle zombie (Crypt:1)
  A gargoyle (Zig:8)
  A spectral swamp worm (Depths:5)
  2 yaktaurs (Depths:3)
  2 guardian mummies (Crypt:3)
  2 freezing wraiths (Crypt:3)
  2 slime creatures (Depths:3)
  A bog body (Zig:2)
  9 flying skulls (Crypt:3)
  A wraith (Crypt:3)
  A water elemental (Depths:1)
  A chaos spawn (Zig:6)
  24 ball lightnings
  A necrophage (Crypt:3)
  A human zombie (Crypt:1)
  A mummy (Crypt:1)
  An orc (D:5)
172 creatures vanquished.

Vanquished Creatures (others)
  A shadow dragon (Vaults:5)
  An ugly thing (Depths:3)
  557 ball lightnings
  A centaur simulacrum (D:14)
  A crawling corpse (Elf:2)
  8 fungi
  28 plants
597 creatures vanquished.

Grand Total: 2796 creatures vanquished

Notes
Turn   | Place    | Note
-------+----------+-------------------------------------------
     0 | D:1      | Chiseanne the Gnoll Wanderer began the quest for the Orb.
     0 | D:1      | Chiseanne set off with the following items: a +2 dagger, a
                  | potion of berserk rage, a +0 robe, a ration; and the
                  | following spells available to memorise: Sandblast, Shock,
                  | Stone Arrow, Mephitic Cloud
     0 | D:1      | Reached XP level 1. HP: 20/20 MP: 2/2
   310 | D:1      | Reached XP level 2. HP: 26/26 MP: 3/3
   732 | D:1      | Reached XP level 3. HP: 19/31 MP: 4/4
   852 | D:1      | Learned a level 3 spell: Stone Arrow
  1338 | D:2      | Reached skill level 1 in Invocations
  1438 | D:2      | Reached skill level 1 in Short Blades
  1438 | D:2      | Reached skill level 1 in Long Blades
  1438 | D:2      | Reached skill level 1 in Axes
  1438 | D:2      | Reached skill level 1 in Maces & Flails
  1438 | D:2      | Reached skill level 1 in Polearms
  1438 | D:2      | Reached skill level 1 in Staves
  1438 | D:2      | Reached skill level 1 in Slings
  1438 | D:2      | Reached skill level 1 in Bows
  1438 | D:2      | Reached skill level 1 in Crossbows
  1438 | D:2      | Reached skill level 1 in Armour
  1438 | D:2      | Reached skill level 1 in Dodging
  1438 | D:2      | Reached skill level 1 in Shields
  1438 | D:2      | Reached skill level 1 in Spellcasting
  1445 | D:2      | Reached XP level 4. HP: 30/38 MP: 4/6
  2158 | D:3      | Reached skill level 1 in Conjurations
  2158 | D:3      | Reached skill level 1 in Hexes
  2158 | D:3      | Reached skill level 1 in Charms
  2158 | D:3      | Reached skill level 1 in Necromancy
  2158 | D:3      | Reached skill level 1 in Translocations
  2158 | D:3      | Reached skill level 1 in Transmutations
  2158 | D:3      | Reached skill level 1 in Fire Magic
  2158 | D:3      | Reached skill level 1 in Ice Magic
  2158 | D:3      | Reached skill level 1 in Air Magic
  2158 | D:3      | Reached skill level 1 in Poison Magic
  2398 | D:4      | Reached XP level 5. HP: 39/43 MP: 7/7
  2544 | D:4      | Learned a level 3 spell: Mephitic Cloud
  2632 | D:4      | Noticed Menkaure
  2651 | D:5      | Entered Level 5 of the Dungeon
  2789 | D:5      | Found a staircase to the Ecumenical Temple.
  2972 | D:5      | Noticed a sky beast
  3018 | D:5      | Killed a sky beast
  3018 | D:5      | Reached skill level 2 in Invocations
  3018 | D:5      | Reached XP level 6. HP: 44/50 MP: 8/8
  3080 | Temple   | Entered the Ecumenical Temple
  3411 | Temple   | Became a worshipper of Vehumet
  3498 | D:5      | Reached skill level 5 in Fighting
  3498 | D:5      | Reached skill level 5 in Unarmed Combat
  3646 | D:5      | Noticed a phantom
  3679 | D:5      | Reached XP level 7. HP: 47/56 MP: 10/10
  3976 | D:5      | Reached skill level 3 in Invocations
  4150 | D:6      | Reached XP level 8. HP: 63/63 MP: 12/12
  4357 | D:6      | Reached * piety under Vehumet
  4357 | D:6      | Offered knowledge of Magic Dart by Vehumet.
  4954 | D:6      | Found a sparkling altar of Nemelex Xobeh.
  5312 | D:7      | Reached skill level 4 in Invocations
  5341 | D:7      | Reached XP level 9. HP: 66/66 MP: 14/14
  5428 | D:7      | Reached skill level 5 in Earth Magic
  5999 | D:7      | Learned a level 2 spell: Ensorcelled Hibernation
  6003 | D:7      | Learned a level 3 spell: Tukima's Dance
  6088 | D:8      | Reached skill level 5 in Throwing
  6088 | D:8      | Reached skill level 5 in Evocations
  6338 | D:8      | Reached skill level 5 in Stealth
  6538 | D:8      | Found Bohib's Antique Armour Shoppe.
  6544 | D:8      | Bought a tattered robe for 159 gold pieces
  6556 | D:8      | Identified the +1 robe "Jayjana" {rCorr Int+2} (You bought
                  | it in a shop on level 8 of the Dungeon)
  6662 | D:8      | Reached skill level 5 in Invocations
  7057 | D:9      | Reached ** piety under Vehumet
  7057 | D:9      | Offered knowledge of Foxfire by Vehumet.
  7264 | D:9      | Reached XP level 10. HP: 65/74 MP: 7/17
  7336 | D:9      | Noticed a cyclops
  7360 | D:9      | Killed a cyclops
  7515 | D:9      | Reached skill level 5 in Short Blades
  7515 | D:9      | Reached skill level 5 in Long Blades
  7515 | D:9      | Reached skill level 5 in Axes
  7515 | D:9      | Reached skill level 5 in Maces & Flails
  7515 | D:9      | Reached skill level 5 in Polearms
  7515 | D:9      | Reached skill level 5 in Staves
  7515 | D:9      | Reached skill level 5 in Slings
  7515 | D:9      | Reached skill level 5 in Bows
  7515 | D:9      | Reached skill level 5 in Crossbows
  7515 | D:9      | Reached skill level 5 in Armour
  7515 | D:9      | Reached skill level 5 in Dodging
  7515 | D:9      | Reached skill level 5 in Shields
  7515 | D:9      | Reached skill level 5 in Spellcasting
  7678 | D:9      | Noticed a cyclops
  7708 | D:9      | Killed a cyclops
  7724 | D:9      | Found a large runed translucent door.
  7725 | D:9      | Found a large runed translucent door.
  7725 | D:9      | Noticed a centaur warrior
  7725 | D:9      | Noticed a stone giant
  7972 | D:9      | Found a staircase to the Orcish Mines.
  7983 | D:8      | Reached skill level 5 in Summonings
  8279 | D:9      | Offered knowledge of Conjure Flame by Vehumet.
  8279 | D:9      | Reached skill level 6 in Invocations
  8461 | D:9      | Found a hide-covered altar of Uskayaw.
  8463 | D:9      | Noticed a +0 dagger
  8463 | D:9      | Noticed a +0 hand axe
  8478 | D:9      | Got a brightly glowing cloak
  8490 | D:9      | Identified the cursed +0 cloak of Mavomax {Harm rF+} (You
                  | found it on level 9 of the Dungeon)
  8524 | D:9      | Found an ancient bone altar of Kikubaaqudgha.
  8543 | D:9      | Found an ornate altar of the Wu Jian Council.
  8545 | D:9      | Found a bloodstained altar of Trog.
  8547 | D:9      | Found a shattered altar of Ashenzari.
  8579 | D:10     | Entered Level 10 of the Dungeon
  9085 | D:10     | Found Pecium's Assorted Antiques.
  9258 | D:10     | Reached *** piety under Vehumet
  9262 | D:10     | Reached XP level 11. HP: 81/81 MP: 19/19
  9622 | D:10     | Killed an unseen horror
  9622 | D:10     | Offered knowledge of Frozen Ramparts by Vehumet.
  9627 | D:10     | Learned a level 3 spell: Frozen Ramparts
  9751 | D:10     | Found a staircase to the Lair.
 10007 | D:11     | Reached skill level 5 in Conjurations
 10007 | D:11     | Reached skill level 5 in Hexes
 10007 | D:11     | Reached skill level 5 in Charms
 10007 | D:11     | Reached skill level 5 in Necromancy
 10007 | D:11     | Reached skill level 5 in Translocations
 10007 | D:11     | Reached skill level 5 in Transmutations
 10007 | D:11     | Reached skill level 5 in Fire Magic
 10007 | D:11     | Reached skill level 5 in Ice Magic
 10007 | D:11     | Reached skill level 5 in Air Magic
 10007 | D:11     | Reached skill level 5 in Poison Magic
 10046 | D:11     | Noticed a manticore
 10051 | D:11     | Killed a manticore
 10380 | D:11     | Noticed a manticore
 10387 | D:11     | Killed a manticore
 11254 | D:10     | Bought a pair of ancient gloves for 228 gold pieces
 11254 | D:10     | Bought a scroll labeled BESIGAGOMUM for 24 gold pieces
 11254 | D:10     | Bought a scroll labeled DAHEDISHOH for 24 gold pieces
 11254 | D:10     | Bought a scroll of teleportation for 72 gold pieces
 11291 | D:10     | Identified the +1 pair of gloves of Time Monsters {SInv}
                  | (You bought it in a shop on level 10 of the Dungeon)
 11310 | D:12     | Noticed a manticore
 11323 | D:12     | Killed a manticore
 11327 | D:12     | Reached skill level 7 in Invocations
 11368 | D:12     | Noticed a five-headed hydra
 11792 | Orc:1    | Entered Level 1 of the Orcish Mines
 11867 | Orc:1    | Found Soapeo's Weapon Shop.
 12138 | Orc:1    | Reached **** piety under Vehumet
 12328 | Orc:1    | Noticed Urug
 12343 | Orc:1    | Killed Urug
 12613 | Orc:1    | Offered knowledge of Hailstorm by Vehumet.
 12619 | Orc:1    | Learned a level 4 spell: Hailstorm
 12680 | Orc:1    | Reached XP level 12. HP: 90/90 MP: 18/22
 12994 | Orc:2    | Entered Level 2 of the Orcish Mines
 13064 | Orc:2    | Found a staircase to the Elven Halls.
 13352 | Orc:2    | Found Jicad's Weapon Emporium.
 13605 | Orc:2    | Noticed an orc warlord
 13637 | Orc:1    | Killed an orc warlord
 14535 | Orc:2    | Reached ***** piety under Vehumet
 14535 | Orc:2    | Offered knowledge of Conjure Ball Lightning by Vehumet.
 15186 | Orc:2    | Reached skill level 8 in Invocations
 15617 | Orc:2    | Noticed an orc high priest
 15639 | Orc:2    | Killed an orc high priest
 16721 | Orc:2    | Noticed an orc high priest
 16722 | Orc:2    | Noticed an orc high priest
 16726 | Orc:2    | Noticed a soul eater
 16898 | Orc:2    | Killed an orc high priest
 17003 | Orc:2    | Killed an orc high priest
 17003 | Orc:2    | Reached XP level 13. HP: 98/98 MP: 17/24
 17941 | Orc:2    | Found Ebya's Antique Weapon Shoppe.
 17944 | Orc:2    | Found Rimej's Gadget Shoppe.
 17945 | Orc:2    | Found Lasopt's Weapon Shoppe.
 17946 | Orc:2    | Found Diat's Magic Scroll Emporium.
 17953 | Orc:2    | Bought an ichor-stained spear for 208 gold pieces
 17954 | Orc:2    | Identified the +2 spear of Fear {flame, rElec MP+9 Int+2}
                  | (You bought it in a shop on level 2 of the Orcish Mines)
 17973 | Orc:2    | Bought a scroll of identify for 26 gold pieces
 17973 | Orc:2    | Bought a scroll of teleportation for 39 gold pieces
 17973 | Orc:2    | Bought a scroll of identify for 26 gold pieces
 17973 | Orc:2    | Bought a scroll of blinking for 97 gold pieces
 17973 | Orc:2    | Bought a scroll of teleportation for 39 gold pieces
 17973 | Orc:2    | Bought a scroll of teleportation for 39 gold pieces
 17973 | Orc:2    | Bought a scroll of identify for 26 gold pieces
 17973 | Orc:2    | Bought a scroll of teleportation for 39 gold pieces
 17973 | Orc:2    | Bought a scroll of identify for 26 gold pieces
 17973 | Orc:2    | Bought 2 scrolls of enchant weapon for 195 gold pieces
 17973 | Orc:2    | Bought a scroll of enchant armour for 97 gold pieces
 17973 | Orc:2    | Bought a scroll of identify for 26 gold pieces
 18155 | D:10     | Learned a level 6 spell: Conjure Ball Lightning
 18178 | Lair:1   | Entered Level 1 of the Lair of Beasts
 18608 | Lair:1   | Found a shimmering altar of Xom.
 18624 | Lair:1   | Offered knowledge of Airstrike by Vehumet.
 18630 | Lair:1   | Learned a level 4 spell: Airstrike
 18643 | Lair:1   | Found a frozen archway.
 18965 | Lair:2   | Reached skill level 9 in Invocations
 19149 | Lair:2   | Found a staircase to the Swamp.
 19695 | Lair:3   | Noticed Gastronok
 19708 | Lair:3   | Killed Gastronok
 20005 | Lair:3   | Found the +8 whip "Snakebite" {curare, rPois}
 20099 | Lair:3   | Noticed Nergalle
 20106 | Lair:3   | Killed Nergalle
 20248 | Lair:4   | Reached XP level 14. HP: 106/106 MP: 26/26
 20274 | Lair:4   | Found a staircase to the Snake Pit.
 20525 | Lair:4   | Noticed Sonja
 20530 | Lair:4   | Killed Sonja
 20904 | Lair:6   | Entered Level 6 of the Lair of Beasts
 20908 | Lair:6   | Reached skill level 10 in Fighting
 20908 | Lair:6   | Reached skill level 10 in Unarmed Combat
 21209 | Lair:6   | Offered knowledge of Freezing Cloud by Vehumet.
 21228 | Lair:6   | Noticed a dire elephant
 21677 | Lair:6   | Reached skill level 10 in Invocations
 21684 | Lair:6   | Killed a dire elephant
 22048 | Lair:6   | Found a staircase to the Slime Pits.
 22397 | Lair:6   | Got an ichor-stained mace
 22466 | Lair:5   | Learned a level 6 spell: Freezing Cloud
 23262 | D:12     | Identified Berurchowk's Tome of Lethal Self-Knowledge
 23264 | D:12     | You fall into a shaft and drop 1 floor!
 23480 | D:13     | Reached XP level 15. HP: 114/114 MP: 28/28
 23486 | D:13     | Reached ****** piety under Vehumet
 23775 | D:13     | Reached skill level 10 in Throwing
 23775 | D:13     | Reached skill level 10 in Evocations
 23866 | D:13     | Got a bloodstained falchion
 23879 | D:13     | Identified the cursed +3 falchion of Disembowelment {flame,
                  | rF+ SInv} (You found it on level 13 of the Dungeon)
 23883 | D:13     | Identified the cursed +0 mace of Understanding {antimagic,
                  | *Noise Str+4} (You found it on level 6 of the Lair of
                  | Beasts)
 24061 | D:13     | Reached skill level 10 in Stealth
 24163 | D:13     | Found a gate to the Vaults.
 24254 | D:13     | Offered knowledge of Lee's Rapid Deconstruction by Vehumet.
 24299 | D:13     | Identified the cursed +0 leather armour "Qiwumn" {Regen+}
 25282 | D:14     | Got a slimy quarterstaff
 25295 | D:14     | Identified the +9 quarterstaff of Joyful Slaughter {venom,
                  | rN++ Int+4} (You found it on level 14 of the Dungeon)
 25348 | D:14     | Reached skill level 10 in Short Blades
 25348 | D:14     | Reached skill level 10 in Long Blades
 25348 | D:14     | Reached skill level 10 in Axes
 25348 | D:14     | Reached skill level 10 in Maces & Flails
 25348 | D:14     | Reached skill level 10 in Polearms
 25348 | D:14     | Reached skill level 10 in Staves
 25348 | D:14     | Reached skill level 10 in Slings
 25348 | D:14     | Reached skill level 10 in Bows
 25348 | D:14     | Reached skill level 10 in Crossbows
 25348 | D:14     | Reached skill level 10 in Armour
 25348 | D:14     | Reached skill level 10 in Dodging
 25348 | D:14     | Reached skill level 10 in Shields
 25348 | D:14     | Reached skill level 10 in Spellcasting
 25433 | D:15     | Entered Level 15 of the Dungeon
 25692 | D:14     | Offered knowledge of Iskenderun's Battlesphere by Vehumet.
 25869 | D:15     | Reached skill level 11 in Invocations
 26037 | D:15     | Found an iron altar of Okawaru.
 26064 | D:15     | Identified the ring of Xom's Passing Interest {rC+ MR+}
 26088 | D:15     | Found a staircase to the Depths.
 26088 | D:15     | Noticed a frost giant
 26107 | D:15     | Killed a frost giant
 26551 | D:15     | Noticed Josephine
 26721 | D:15     | Killed Josephine
 26858 | D:15     | Found a hazy altar of Hepliaklqana.
 26872 | D:15     | Reached XP level 16. HP: 122/122 MP: 30/30
 27121 | D:15     | Got a coiled tin ring
 27492 | D:15     | Found a stormy altar of Qazlal.
 27538 | D:15     | Identified the ring of Waituypp {Str+3 Stlth+} (You found
                  | it on level 15 of the Dungeon)
 27612 | D:15     | Identified the ring of the Nightingale {rF+ MP-9 AC+4
                  | Int+2}
 27877 | D:15     | Noticed Azrael
 27882 | D:15     | Killed Azrael
 28418 | D:15     | Upgraded the game from 0.26-a0-26-ge22fd8933b to
                  | 0.26-a0-28-gc929df5585
 28418 | D:15     | Upgraded the game from 0.26-a0-28-gc929df5585 to
                  | 0.26-a0-52-gd53d4cd058
 28746 | Swamp:1  | Entered Level 1 of the Swamp
 28746 | Swamp:1  | Noticed a thorn hunter
 28819 | Swamp:1  | Killed a thorn hunter
 29046 | Swamp:1  | Noticed a thorn hunter
 29055 | Swamp:1  | Killed a thorn hunter
 29525 | Swamp:1  | Offered knowledge of Bolt of Magma by Vehumet.
 29561 | Swamp:1  | Noticed a thorn hunter
 29566 | Swamp:1  | Killed a thorn hunter
 29606 | Swamp:1  | You fall into a shaft and drop 1 floor!
 29705 | Swamp:2  | Reached skill level 10 in Earth Magic
 29847 | Swamp:2  | Upgraded the game from 0.26-a0-52-gd53d4cd058 to
                  | 0.26-a0-611-g354ed81502
 29847 | Swamp:2  | Upgraded the game from 0.26-a0-611-g354ed81502 to
                  | 0.26-a0-642-g67e99244d3
 29847 | Swamp:2  | Upgraded the game from 0.26-a0-642-g67e99244d3 to
                  | 0.26-a0-648-g87339cca5e
 29847 | Swamp:2  | Upgraded the game from 0.26-a0-648-g87339cca5e to
                  | 0.26-a0-660-gc07710193c
 29847 | Swamp:2  | Upgraded the game from 0.26-a0-660-gc07710193c to
                  | 0.26-a0-664-gc8b27b8fc1
 29847 | Swamp:2  | Upgraded the game from 0.26-a0-664-gc8b27b8fc1 to
                  | 0.26-a0-665-gefeb406119
 30659 | Swamp:4  | Entered Level 4 of the Swamp
 30768 | Swamp:4  | Noticed a thorn hunter
 30783 | Swamp:4  | Killed a thorn hunter
 30944 | Swamp:4  | Noticed a thorn hunter
 30951 | Swamp:4  | Killed a thorn hunter
 30951 | Swamp:4  | Reached XP level 17. HP: 55/130 MP: 17/32
 31370 | Swamp:4  | Reached skill level 12 in Invocations
 31856 | Swamp:4  | Learned a level 2 spell: Passwall
 32472 | Swamp:4  | Offered knowledge of Ignition by Vehumet.
 32485 | Swamp:4  | Learned a level 8 spell: Ignition
 32604 | Swamp:4  | Got a decaying rune of Zot
 33293 | Snake:1  | Entered Level 1 of the Snake Pit
 33766 | Snake:3  | Reached skill level 10 in Summonings
 34082 | Snake:4  | Entered Level 4 of the Snake Pit
 34418 | Snake:4  | Found Yrphoiw's Removed Food Shop.
 35366 | Snake:4  | Reached skill level 10 in Conjurations
 35366 | Snake:4  | Reached skill level 10 in Hexes
 35366 | Snake:4  | Reached skill level 10 in Necromancy
 35366 | Snake:4  | Reached skill level 10 in Translocations
 35366 | Snake:4  | Reached skill level 10 in Transmutations
 35366 | Snake:4  | Reached skill level 10 in Fire Magic
 35366 | Snake:4  | Reached skill level 10 in Ice Magic
 35366 | Snake:4  | Reached skill level 10 in Air Magic
 35366 | Snake:4  | Reached skill level 10 in Poison Magic
 35444 | Snake:4  | Offered knowledge of Shatter by Vehumet.
 35444 | Snake:4  | Offered knowledge of Tornado by Vehumet.
 35444 | Snake:4  | Offered knowledge of Absolute Zero by Vehumet.
 35648 | Snake:4  | Reached XP level 18. HP: 135/138 MP: 18/33
 36398 | Snake:4  | Got a serpentine rune of Zot
 37268 | Elf:1    | Entered Level 1 of the Elven Halls
 37310 | Elf:1    | Noticed Canirch's ghost (adept HOFi)
 37526 | Elf:1    | Found a runed translucent gate.
 37526 | Elf:1    | Found a runed translucent gate.
 37526 | Elf:1    | Found a runed translucent gate.
 37546 | Elf:1    | Identified the ring of Jealousy {rC- rN+ EV+4 Int+4}
 37600 | Elf:1    | Found a portal to a secret trove of treasure.
 37614 | Elf:1    | Found Kaehatry's Book Shop.
 37626 | Elf:1    | You fall into a shaft and drop 1 floor!
 37656 | Elf:2    | Reached skill level 13 in Invocations
 38132 | Elf:2    | Identified the cursed +2 halberd of Supply {venom, Str+6}
 38532 | Elf:2    | Learned a level 4 spell: Iskenderun's Mystic Blast
 38578 | Elf:2    | Found Zyukkiv's Book Shop.
 38679 | Elf:3    | Entered Level 3 of the Elven Halls
 39491 | Elf:3    | Reached XP level 19. HP: 146/146 MP: 35/35
 39596 | Elf:3    | Identified the +5 broad axe "Foinocarch" {freeze, +Fly rF-
                  | Int+3 Dex+3}
 39713 | Elf:3    | Identified the +7 demon blade of Upheaval {drain, rElec}
 40152 | Elf:3    | Identified the ring "Earthly Heaven" {*Drain rPois rF+ MR++
                  | EV+4}
 40154 | Elf:3    | Noticed a Hell Sentinel
 40868 | Elf:3    | Found Ramacore's Book Shop.
 41108 | Elf:3    | Identified the +4 fustibalus of Paduloh {flame, Stlth+}
                  | (You found it on level 3 of the Elven Halls)
 41126 | Elf:3    | Identified the +1 pair of gloves "Farchug" {rF+ MR+ Regen+
                  | Int+4} (You found it on level 3 of the Elven Halls)
 41146 | Elf:3    | Identified the +1 spear "Esueg Avoi" {vorpal, rPois rC+
                  | rN+} (You found it on level 3 of the Elven Halls)
 41175 | Elf:3    | Identified the +2 pair of gloves "Rocuachure" {Int+2} (You
                  | found it on level 3 of the Elven Halls)
 41579 | Vaults:1 | Entered Level 1 of the Vaults
 42753 | Vaults:1 | Reached skill level 14 in Invocations
 43064 | Vaults:1 | Got an iridescent dagger
 43167 | Vaults:1 | Reached XP level 20. HP: 158/158 MP: 37/37
 43264 | Vaults:1 | Identified the cursed +2 dagger of Integrity {vorpal, rF+
                  | Int+4 Dex+3 Stlth+} (You found it on level 1 of the Vaults)
 44483 | Vaults:2 | Noticed Bai Suzhen
 44826 | Vaults:2 | Found a huge runed gate.
 44826 | Vaults:2 | Found a huge runed gate.
 44827 | Vaults:2 | Found a huge runed gate.
 44827 | Vaults:2 | Found a huge runed gate.
 44827 | Vaults:2 | Found a huge runed gate.
 44827 | Vaults:2 | Found a huge runed gate.
 44827 | Vaults:2 | Found a huge runed gate.
 44827 | Vaults:2 | Found a huge runed gate.
 44827 | Vaults:2 | Found a huge runed gate.
 44829 | Vaults:2 | Found a huge runed gate.
 44829 | Vaults:2 | Found a huge runed gate.
 44829 | Vaults:2 | Found a huge runed gate.
 44829 | Vaults:2 | Found a huge runed gate.
 44829 | Vaults:2 | Found a huge runed gate.
 44829 | Vaults:2 | Found a huge runed gate.
 44830 | Vaults:2 | Found a huge runed gate.
 44831 | Vaults:2 | Found a huge runed gate.
 44832 | Vaults:2 | Found a huge runed gate.
 44840 | Vaults:2 | Found a huge runed gate.
 44840 | Vaults:2 | Found a huge runed gate.
 44840 | Vaults:2 | Found a huge runed gate.
 44840 | Vaults:2 | Found a huge runed gate.
 44840 | Vaults:2 | Found a huge runed gate.
 44840 | Vaults:2 | Found a huge runed gate.
 46618 | Vaults:3 | Reached XP level 21. HP: 165/165 MP: 38/38
 47476 | Vaults:3 | Reached XP level 22. HP: 169/173 MP: 39/39
 47511 | Vaults:3 | Reached skill level 15 in Invocations
 47892 | Vaults:3 | Found a staircase to the Crypt.
 51457 | D:15     | Learned a level 7 spell: Orb of Destruction
 51460 | Depths:1 | Entered Level 1 of the Depths
 51463 | Depths:1 | Reached XP level 23. HP: 180/180 MP: 41/41
 51712 | Depths:1 | Reached skill level 15 in Fighting
 51712 | Depths:1 | Reached skill level 15 in Unarmed Combat
 51958 | Depths:1 | Noticed Mara
 51964 | Depths:1 | Killed Mara
 52109 | Depths:1 | Noticed Aizul
 52114 | Depths:1 | Killed Aizul
 52498 | Depths:1 | Found a gateway to Hell.
 52503 | Depths:1 | Identified the Catalogue of Fiery Conjuration
 52513 | Depths:1 | Learned a level 7 spell: Spellforged Servitor
 52991 | Depths:2 | Found a one-way gate leading to the halls of Pandemonium.
 53497 | Depths:2 | Found a gateway to a ziggurat.
 53589 | Depths:2 | Reached skill level 15 in Throwing
 53589 | Depths:2 | Reached skill level 15 in Evocations
 53734 | Depths:2 | Reached skill level 15 in Stealth
 53905 | Depths:2 | Reached skill level 16 in Invocations
 54170 | Depths:2 | Found a sparkling altar of Nemelex Xobeh.
 54854 | Depths:3 | Found a one-way gate to the infinite horrors of the Abyss.
 54891 | Depths:3 | Reached XP level 24. HP: 172/189 MP: 36/41
 54901 | Depths:3 | Reached skill level 15 in Short Blades
 54901 | Depths:3 | Reached skill level 15 in Long Blades
 54901 | Depths:3 | Reached skill level 15 in Axes
 54901 | Depths:3 | Reached skill level 15 in Maces & Flails
 54901 | Depths:3 | Reached skill level 15 in Polearms
 54901 | Depths:3 | Reached skill level 15 in Staves
 54901 | Depths:3 | Reached skill level 15 in Slings
 54901 | Depths:3 | Reached skill level 15 in Bows
 54901 | Depths:3 | Reached skill level 15 in Crossbows
 54901 | Depths:3 | Reached skill level 15 in Armour
 54901 | Depths:3 | Reached skill level 15 in Dodging
 54901 | Depths:3 | Reached skill level 15 in Shields
 54901 | Depths:3 | Reached skill level 15 in Spellcasting
 54975 | Depths:3 | Noticed a juggernaut
 55249 | Depths:3 | Found Xitupn's Gadget Shoppe.
 55261 | Depths:3 | Bought a box of beasts (3/3) for 340 gold pieces
 55268 | Depths:3 | Found Neudgh's Assorted Antiques.
 55413 | Depths:3 | Identified the ring of Beogh's Whim {MP+9 Int+3 Dex+4
                  | Stlth+}
 55455 | Depths:3 | Killed a juggernaut
 55647 | Depths:3 | Noticed a caustic shrike
 55652 | Depths:3 | Killed a caustic shrike
 55699 | Depths:3 | Noticed a juggernaut
 55704 | Depths:3 | a juggernaut changed into a titan
 55823 | Depths:3 | Identified the +12 long sword of Perversion {venom, MR+}
 56426 | Depths:3 | Bought a scorched leather armour for 238 gold pieces
 56426 | Depths:3 | Bought a paperback book for 510 gold pieces
 56426 | Depths:3 | Bought a wide paperback book for 510 gold pieces
 56426 | Depths:3 | Bought a scroll of magic mapping for 119 gold pieces
 56767 | Depths:3 | Found Isevuts's Jewellery Shoppe.
 56818 | Depths:4 | Found a transporter.
 56821 | Depths:4 | Found a radiant altar of Vehumet.
 56821 | Depths:4 | Noticed an ancient lich
 56849 | Depths:4 | Killed an ancient lich
 57010 | Depths:4 | Found a transporter.
 57071 | Depths:4 | Got a pair of warped boots
 57073 | Depths:4 | Identified the +3 pair of boots of the Slug {Regen+ Str+3
                  | Dex+3} (You found it on level 4 of the Depths)
 57086 | Depths:4 | Identified the cursed +1 leather armour of Caxoelor
                  | {*Contam Dex+7} (You bought it in a shop on level 3 of the
                  | Depths)
 58708 | Depths:5 | Entered Level 5 of the Depths
 59489 | Depths:5 | Found Tybuull's Armour Boutique.
 59489 | Depths:5 | Found Ynipusajiy's Antique Armour Shop.
 59497 | Depths:5 | Reached XP level 25. HP: 197/197 MP: 42/42
 59553 | Depths:5 | Found Mytoimpi's Jewellery Shop.
 59556 | Depths:5 | Found Zishobir's Weapon Boutique.
 59565 | Depths:5 | Bought a smoking ring mail for 306 gold pieces
 59566 | Depths:5 | Identified the cursed +1 ring mail "Unam Hepla" {MR+} (You
                  | bought it in a shop on level 5 of the Depths)
 60890 | Depths:5 | Identified the Papyrus of the Congealing Birds
 61156 | Depths:5 | Found a gate to the Realm of Zot.
 61579 | D:15     | Upgraded the game from 0.26-a0-665-gefeb406119 to
                  | 0.26-a0-667-g92642533e4
 61594 | D:15     | Learned a level 5 spell: Borgnjor's Vile Clutch
 61729 | Vaults:2 | Killed Bai Suzhen
 61729 | Vaults:2 | Reached skill level 17 in Invocations
 62049 | Vaults:2 | Found Tuirae's Distillery.
 62075 | Vaults:2 | Bought a potion of magic for 112 gold pieces
 62075 | Vaults:2 | Bought a potion of heal wounds for 70 gold pieces
 62075 | Vaults:2 | Bought a potion of ambrosia for 112 gold pieces
 62075 | Vaults:2 | Bought a potion of haste for 140 gold pieces
 62075 | Vaults:2 | Bought a potion of resistance for 140 gold pieces
 62075 | Vaults:2 | Bought a potion of haste for 140 gold pieces
 62075 | Vaults:2 | Bought 2 potions of curing for 84 gold pieces
 62075 | Vaults:2 | Bought a potion of curing for 42 gold pieces
 62294 | Vaults:5 | Entered Level 5 of the Vaults
 63069 | Vaults:4 | Reached skill level 15 in Earth Magic
 63282 | Vaults:4 | Reached XP level 26. HP: 88/206 MP: 43/43
 63456 | Vaults:5 | Identified the cursed +0 hunting sling "Ymuocucw" {flame,
                  | rPois rF+} (You found it on level 5 of the Vaults)
 63775 | Vaults:5 | Identified the cursed +2 dagger of Zuawkoeg {pain, rPois
                  | rF+ Int-4 Dex+5}
 63888 | Vaults:5 | Identified the +9 mace "Itrapexti" {protect, rN++ MR+ MP-9}
 64426 | Vaults:5 | Got a silver rune of Zot
 64783 | Vaults:5 | Identified the ring "Koukleuhy" {rPois rC+ Str+5}
 64790 | Vaults:5 | Found the +6 lightning scales {run, rElec}
 65218 | Depths:5 | Bought a +2 ring mail of positive energy for 360 gold
                  | pieces
 65517 | Crypt:1  | Entered Level 1 of the Crypt
 65866 | Crypt:1  | You fall into a shaft and drop 1 floor!
 66078 | Crypt:3  | Entered Level 3 of the Crypt
 66086 | Crypt:3  | Cast into level 2 of the Abyss (skeletal warrior)
 66147 | Crypt:3  | Escaped the Abyss
 66396 | Crypt:3  | Learned a level 1 spell: Apportation
 66572 | Crypt:3  | Found a basalt altar of Yredelemnul.
 67669 | Crypt:3  | Noticed Khufu
 67689 | Crypt:3  | Killed Khufu
 67891 | Crypt:3  | Reached skill level 18 in Invocations
 68023 | Crypt:3  | Identified the Handbook of Sinister Rites
 68083 | Crypt:3  | Identified the Compendium of Unstable Air
 68281 | Crypt:3  | Identified the +12 rapier "Mefohaug" {freeze, rElec Str+4}
 68421 | Crypt:3  | Found a staircase to the Tomb.
 69329 | Zig:1    | Entered Level 1 of a ziggurat
 69334 | Zig:1    | Reached XP level 27. HP: 215/215 MP: 43/43
 69355 | Zig:2    | Entered Level 2 of a ziggurat
 69389 | Zig:3    | Entered Level 3 of a ziggurat
 69389 | Zig:3    | Identified a scroll of acquirement
 69496 | Zig:4    | Entered Level 4 of a ziggurat
 69627 | Zig:5    | Entered Level 5 of a ziggurat
 69690 | Zig:6    | Entered Level 6 of a ziggurat
 69815 | Zig:7    | Entered Level 7 of a ziggurat
 69828 | Zig:7    | Noticed Nougatae the pandemonium lord
 69841 | Zig:7    | Killed Nougatae the pandemonium lord
 69852 | Zig:7    | Got a fine wooden ring
 69854 | Zig:7    | Identified the ring "Etip Bae" {Int+3 SInv} (You found it
                  | on level 7 of a ziggurat)
 69858 | Zig:7    | Identified the +5 falchion "Jiuro" {vorpal, Int+5} (You
                  | found it on level 7 of a ziggurat)
 69945 | Zig:8    | Entered Level 8 of a ziggurat
 70074 | Zig:8    | Identified the Tome of the Frog
 70080 | Zig:8    | Got a wavering brass ring
 70084 | Zig:8    | Identified the ring of Kutuh {Fire rPois rN+ MR+ Dex-2}
                  | (You found it on level 8 of a ziggurat)
 70086 | Zig:9    | Entered Level 9 of a ziggurat
 70113 | Zig:9    | HP: 5/215 [daeva/divine providence (10)]
 70113 | Zig:9    | Killed from afar by a daeva

Illustrated notes

Levels and vault maps discovered:
D:1:      wander_arrival_chamber, layout_basic
D:2:      minmay_recursive_quarters, layout_rooms, first_ration, serial_bayou,
          serial_bayou_pond_b, serial_bayou_pond_a, serial_bayou_pond_c,
          serial_bayou_shore_b, minmay_splitting_lines, minmay_guardbox
D:3:      minmay_thinvault, layout_rooms, minmay_misc_feat_diagonals
D:4:      layout_loops_ring, minmay_misc_feat_more_columns, corner_web_ring,
          uniq_crazy_yiuf_cottage, uniq_natasha, uniq_menkaure
D:5:      layout_loops_ring, minmay_temple_entry_oklob, dk_noncrumbling_4
D:6:      layout_rooms, nemelex_xobeh_ov_fountains_minmay
D:7:      layout_rooms, the_bakery
D:8:      layout_cave_pools, serial_shops, kennysheep_mini
D:9:      layout_cave_pools, dancing_weapons_uskayaw, minitemple,
          minmay_orc_entry_guard_dogs, hex_tiny, jmf_multi_god_temple2
D:10:     layout_roguey, david_lair_shrubbed, serial_shops, shop
D:11:     layout_stronghold, serial_shops, kennysheep_little_box
D:12:     layout_basic, eino_house_with_fridge
D:13:     kennysheep_spiral_hall, layout_rooms, ximxim_vaults_locker_room,
          chequers_serial_rivers_micro_e
D:14:     layout_rooms, chequers_serial_rivers_small_a
D:15:     hangedman_spin_cycle, uniq_josephine
Temple:   eino_temple_scatter_basement
Lair:1:   layout_misc_corridors, basic_altar, portal_ice_cave_entry_pillars_1,
          serial_bayou_pond_b, lemuel_fruit_tree, grunt_megastairs_1,
          serial_bayou_shore_a, infiniplex_staircase_pool_2
Lair:2:   layout_layer_cave, swamp_mist_pool
Lair:3:   minmay_guarded_unrand_snakebite, layout_gridlike, uniq_gastronok,
          uniq_nergalle
Lair:4:   layout_gridlike, minmay_snake_entry_six_corridors, uniq_sonja
Lair:5:   layout_layer_cave, grunt_megastairs_2
Lair:6:   gammafunk_lair_ancient_temple, layout_regular_city, slime_dummy,
          serial_bayou_shore_b, lemuel_fruit_fields
Swamp:1:  layout_falls_marsh, evilmike_swamp_ruin_house_5, swamp_pool4,
          hangedman_swamp_wriggling
Swamp:2:  layout_basic_swamp, evilmike_swamp_ruin_rubble_1
Swamp:3:  layout_basic_swamp, serial_swamp_ruin, evilmike_swamp_ruin_house_3,
          evilmike_swamp_ruin_house_6, evilmike_swamp_ruin_house_4
Swamp:4:  swamp_alternative, layout_basic_swamp, hangedman_swamp_pad
Snake:1:  layout_rooms
Snake:2:  layout_basic
Snake:3:  layout_concentric_octagons, minmay_shop_grove
Snake:4:  snake_pit, layout_gridlike, serial_shops, nicolae_shop_waterfront,
          nicolae_shop_crystal, shop, shop
Orc:1:    layout_caves, serial_shops, shop_fountains, nooodl_orcs_dogs,
          uniq_urug
Orc:2:    st_orc_pillars, layout_diamond_mine, enter_volcano_4, serial_shops,
          shop_fountains, statue_in_the_mist_lemuel
Elf:1:    layout_loops_cross, enter_trove_2, gammafunk_ghost_split,
          serial_shops, nicolae_shop_temple_entry_statues_fountains,
          minmay_elf_annihilation, uniq_azrael
Elf:2:    layout_loops_corners, serial_shops,
          nicolae_shop_competitors_out_of_business
Elf:3:    minmay_elf_hall_curves, layout_loops_ring, serial_shops, shop
Vaults:1: v_alt_pattern_2, vaults_room_large_hall, grunt_vaults_trifunnel,
          v_misc_10, hangedman_vaults_slice, v_misc_5, v_misc_18,
          vaults_room_glass_cross, ontoclasm_vaults_shuriken,
          layout_vaults_big_room
Vaults:2: v_misc_29, vaults_door_vault, nicolae_vaults_little_ls,
          ontoclasm_vaults_claustrophobia, v_misc_25, hangedman_vaults_slice,
          v_alt_pattern_6, hangedman_vaults_pinch,
          nicolae_vaults_diagonal_hallway_8, vaults_room_stairs_pillars,
          nicolae_vaults_network_star, nicolae_vaults_yaktaur_gun_rack,
          vaults_room_pool, layout_vaults_big_cross, serial_shops,
          nicolae_shop_trees, uniq_bai_suzhen
Vaults:3: hangedman_vaults_trim, v_misc_19, vaults_room_pools,
          hangedman_vaults_nodes, st_quartered_hall, grunt_vaults_focal,
          grunt_vaults_twisty, vaults_room_corners, hangedman_vaults_stream,
          v_rooms_5, v_alt_pattern_3, layout_vaults_maze,
          minmay_crypt_entry_simple_statues
Vaults:4: vaults_room_door_ring, nicolae_vaults_three_branches, v_rooms_4,
          v_pattern_3, st_smaller_cells, nicolae_vaults_network_s,
          vaults_room_ringed_pool, nicolae_vaults_big_ls,
          ontoclasm_vaults_decontamination, v_misc_28, layout_vaults_ring
Vaults:5: serial_shops
Crypt:1:  layout_basic, grunt_crypt_arrival_guarded_gate
Crypt:2:  layout_chaotic_city
Crypt:3:  grunt_crypt_end_deaths_head
Depths:1: layout_gridlike, chequers_serial_rivers_room_a, lightli_too_deep,
          kennysheep_small_circle, kennysheep_random_hallway, uniq_aizul,
          uniq_mara
Depths:2: minmay_tri_stars, layout_cave_pools, enter_ziggurat_d, pan_entry,
          minmay_misc_feat_chi, pf_vacation_house_of_asmodeus,
          nemelex_diamond_rough_becter
Depths:3: minmay_tearing_corner, layout_cave_pools, abyss_entry_glasseish,
          serial_shops, kennysheep_mini_moat, shop, shop, hell_entry, pan_entry,
          minmay_three_doors
Depths:4: gammafunk_sealed_library, layout_basic,
          chequers_serial_rivers_small_3, hell_entry, abyss_entry,
          infiniplex_staircase_river
Depths:5: grunt_zot_entry_bicorn, layout_honeycomb, abyss_entry,
          corexii_corridor_pit, pf_hell_entry_tar_river, minmay_shoptagon,
          serial_bayou_shore_b
Zig:9

Skill      XL: |  1  2  3  4  5  6  7  8  9 10 11 12 13 14 15 16 17 18 19 20 21 22 23 24 25 26 27 |
---------------+----------------------------------------------------------------------------------+-----
Summonings     | 2 3 4 5 6 7 8 9 10 11 12 13 14 | 14.7
Invocations    | 1 2 3 4 5 6 7 8 9 10 11 12 13 14 15 16 17 18 | 18.2
Short Blades   | 1 2 3 4 5 6 7 8 9 10 11 12 13 14 15 16 | 16.9
Long Blades    | 1 2 3 4 5 6 7 8 9 10 11 12 13 14 15 16 | 16.9
Axes           | 1 2 3 4 5 6 7 8 9 10 11 12 13 14 15 16 | 16.9
Maces & Flails | 1 2 3 4 5 6 7 8 9 10 11 12 13 14 15 16 17 | 17.0
Polearms       | 1 2 3 4 5 6 7 8 9 10 11 12 13 14 15 16 | 16.9
Staves         | 1 2 3 4 5 6 7 8 9 10 11 12 13 14 15 16 | 16.9
Slings         | 1 2 3 4 5 6 7 8 9 10 11 12 13 14 15 16 | 16.9
Bows           | 1 2 3 4 5 6 7 8 9 10 11 12 13 14 15 16 | 16.9
Crossbows      | 1 2 3 4 5 6 7 8 9 10 11 12 13 14 15 16 | 16.9
Armour         | 1 2 3 4 5 6 7 8 9 10 11 12 13 14 15 16 | 16.9
Dodging        | 1 2 3 4 5 6 7 8 9 10 11 12 13 14 15 16 | 16.9
Shields        | 1 2 3 4 5 6 7 8 9 10 11 12 13 14 15 16 | 16.9
Spellcasting   | 1 2 3 4 5 6 7 8 9 10 11 12 13 14 15 16 | 16.9
Conjurations   | 1 2 3 4 5 6 7 8 9 10 11 12 13 14 | 14.6
Hexes          | 1 2 3 4 5 6 7 8 9 10 11 12 13 14 | 14.6
Charms         | 1 2 3 4 5 6 7 8 9 |  0.0
Necromancy     | 1 2 3 4 5 6 7 8 9 10 11 12 13 14 | 14.6
Translocations | 1 2 3 4 5 6 7 8 9 10 11 12 13 14 | 14.6
Transmutations | 1 2 3 4 5 6 7 8 9 10 11 12 13 14 | 14.6
Fire Magic     | 1 2 3 4 5 6 7 8 9 10 11 12 13 14 | 14.6
Ice Magic      | 1 2 3 4 5 6 7 8 9 10 11 12 13 14 | 14.6
Air Magic      | 1 2 3 4 5 6 7 8 9 10 11 12 13 14 | 14.6
Poison Magic   | 1 2 3 4 5 6 7 8 9 10 11 12 13 14 | 14.6
Throwing       | 3 4 5 6 7 8 9 10 11 12 13 14 15 16 17 | 17.1
Earth Magic    | 4 5 6 7 8 9 10 11 12 13 14 15 16 | 16.2
Evocations     | 3 4 5 6 7 8 9 10 11 12 13 14 15 16 17 | 17.1
Stealth        | 3 4 5 6 7 8 9 10 11 12 13 14 15 16 17 | 17.1
Fighting       | 5 6 7 8 9 10 11 12 13 14 15 16 17 | 17.4
Unarmed Combat | 5 6 7 8 9 10 11 12 13 14 15 16 17 | 17.4

Action                   |  1- 3 |  4- 6 |  7- 9 | 10-12 | 13-15 | 16-18 | 19-21 | 22-24 | 25-27 || total
-------------------------+-------+-------+-------+-------+-------+-------+-------+-------+-------++-------
Melee: Dagger            |    94 |   200 |    88 |   170 |     8 |       |       |    15 |       ||   575
       Punch             |     1 |     7 |     9 |     7 |     2 |       |       |       |       ||    26
       Bite              |     6 |    34 |    25 |    24 |     5 |    15 |     2 |    11 |     4 ||   126
       Flail             |       |       |   106 |    26 |    11 |       |       |       |       ||   143
       Mace              |       |       |     6 |     2 |       |       |       |       |       ||     8
       Spear             |       |       |       |       |    31 |    31 |     9 |    22 |    25 ||   118
       Whip              |       |       |       |       |       |    31 |       |       |       ||    31
Throw: Boomerang         |       |       |     1 |    57 |   181 |       |       |       |     9 ||   248
       Dart              |       |       |       |       |       |     4 |       |       |       ||     4
       Javelin           |       |       |       |       |       |     5 |       |     6 |       ||    11
 Cast: Stone Arrow       |       |     2 |    75 |   359 |   594 |   376 |   382 |   366 |   273 ||  2427
       Mephitic Cloud    |       |     3 |    18 |    67 |    60 |    17 |     5 |    17 |     5 ||   192
       Ensorcelled Hiber |       |       |     1 |    11 |       |     2 |       |       |       ||    14
       Frozen Ramparts   |       |       |       |    20 |    15 |     3 |       |     1 |       ||    39
       Tukima's Dance    |       |       |       |     1 |       |       |       |       |       ||     1
       Hailstorm         |       |       |       |    11 |     1 |       |       |       |       ||    12
       Conjure Ball Ligh |       |       |       |       |    11 |    96 |    39 |   111 |     5 ||   262
       Freezing Cloud    |       |       |       |       |    19 |   152 |   146 |   186 |    27 ||   530
       Airstrike         |       |       |       |       |       |     2 |       |     2 |       ||     4
       Iskenderun's Myst |       |       |       |       |       |       |     3 |     2 |    20 ||    25
       Spellforged Servi |       |       |       |       |       |       |       |    47 |    75 ||   122
       Orb of Destructio |       |       |       |       |       |       |       |    47 |    61 ||   108
       Borgnjor's Vile C |       |       |       |       |       |       |       |       |   329 ||   329
       Apportation       |       |       |       |       |       |       |       |       |     4 ||     4
Evoke: Wand              |       |     7 |       |    16 |    15 |    14 |       |     2 |     7 ||    61
       Phial of floods   |       |       |       |       |     1 |       |       |       |       ||     1
  Use: Potion            |     1 |       |     1 |       |     1 |     1 |     2 |       |    10 ||    16
       Scroll            |     1 |     3 |     6 |     8 |    29 |    16 |    17 |    14 |    22 ||   116
 Stab: Sleeping          |     3 |     2 |     5 |    10 |       |     1 |       |       |       ||    21
       Confused          |       |     3 |     8 |    24 |     4 |     5 |       |     1 |     1 ||    46
       Paralysed         |       |       |       |       |       |     8 |       |       |       ||     8
       Distracted        |       |       |       |       |       |       |       |       |     1 ||     1
  Eat: Removed food      |     2 |     5 |    15 |    37 |    28 |     9 |       |       |       ||    96
       Removed food      |       |     1 |     1 |       |     3 |     2 |       |       |       ||     7
Armor: Robe              |    35 |    24 |    12 |    79 |    32 |    41 |       |       |       ||   223
       Leather armour    |       |    16 |    64 |       |       |       |       |       |       ||    80
       Swamp dragon scal |       |       |       |       |       |    15 |    38 |    56 |   113 ||   222
       Ring mail         |       |       |       |       |       |       |       |       |    19 ||    19
Dodge: Dodged            |    75 |    82 |   152 |   227 |   140 |   163 |    93 |   119 |   294 ||  1345
Block: Buckler           |       |       |       |       |    72 |   106 |    60 |    81 |   184 ||   503
       Kite shield       |       |       |       |       |       |    14 |       |       |       ||    14
       Reflection        |       |       |       |       |       |     1 |    11 |    33 |     2 ||    47

Table legend: (Time is in decaauts)
 A = Elapsed time spent in this place.
 B = Non-inter-level travel time spent in this place.
 C = Inter-level travel time spent in this place.
 D = Time resting spent in this place.
 E = Time spent auto-exploring this place.
 F = Levels seen in this place.
 G = Mean time per level.
                   A        B        C        D        E       F      G
               +--------+--------+--------+--------+--------+-----+--------+
         Total |  72252 |  68257 |   3995 |  32803 |   9572 |  58 | 1245.7 |
       Dungeon |  19484 |  18049 |   1435 |   9097 |    204 |  15 | 1298.9 |
        Temple |    344 |    333 |     11 |      0 |    306 |   1 |  344.0 |
          Lair |   5109 |   4444 |    665 |   1337 |      0 |   6 |  851.5 |
         Swamp |   4660 |   4496 |    164 |   2816 |     49 |   4 | 1165.0 |
     Snake Pit |   3450 |   3349 |    101 |   2119 |      0 |   4 |  862.5 |
  Orcish Mines |   6057 |   5925 |    132 |   3585 |    254 |   2 | 3028.5 |
   Elven Halls |   4184 |   4058 |    126 |   2501 |    264 |   3 | 1394.7 |
        Vaults |  13768 |  13018 |    750 |   5652 |   4164 |   5 | 2753.6 |
         Crypt |   3642 |   3503 |    139 |   1644 |     83 |   3 | 1214.0 |
        Depths |  10696 |  10228 |    468 |   3573 |   4245 |   5 | 2139.2 |
         Abyss |     61 |     61 |      0 |     49 |      0 |   1 |   61.0 |
      Ziggurat |    793 |    793 |      0 |    427 |      0 |   9 |   88.1 |
               +--------+--------+--------+--------+--------+-----+--------+

Top non-repeatable levels by time:
Vaults:4: 3992 daAuts
Depths:5: 2947 daAuts
Vaults:2: 2943 daAuts
Vaults:1: 2687 daAuts
   Elf:3: 2677 daAuts
 Crypt:3: 2613 daAuts
Vaults:3: 2539 daAuts
 Snake:4: 2431 daAuts
Depths:4: 2087 daAuts
Depths:2: 2022 daAuts
Depths:3: 1913 daAuts
 Swamp:4: 1762 daAuts
Depths:1: 1724 daAuts
Vaults:5: 1606 daAuts
 Swamp:3: 1194 daAuts
Note: time per level data comes from an upgraded game and may be incomplete.
